 Dungeon Crawl Stone Soup version 0.21-a0-170-g0398fc9 (webtiles) character file.

101 wolfsongas the Poker (level 4, -4/33 HPs)
             Began as a Demonspawn Gladiator on Aug 6, 2017.
             Slain by a gnoll
             ... wielding a +0 spear
              (8 damage)
             ... on level 3 of the Dungeon.
             The game lasted 00:03:01 (1851 turns).

wolfsongas the Poker (Demonspawn Gladiator)         Turns: 1851, Time: 00:03:01

Health: -4/33      AC:  6    Str: 20    XL:     4   Next: 48%
Magic:  4/4        EV: 12    Int: 10    God:
Gold:   109        SH:  0    Dex: 14    Spells: 3/3 levels left

rFire    + . .     SeeInvis .   a - +0 trident
rCold    + . .     Gourm    .   (no shield)
rNeg     . . .     Faith    .   b - +0 leather armour
rPois    .         Spirit   .   c - +0 helmet
rElec    .         Reflect  .   g - scarf {rC+ rF+}
rCorr    .         Harm     .   (no gloves)
MR       .....                  (no boots)
Stlth    +.........             (no amulet)
HPRegen  0.11/turn              (no ring)
MPRegen  0.09/turn              (no ring)

@: mighty
A: icy blue scales 1
a: no special abilities


You were on level 3 of the Dungeon.
You were not hungry.

You visited 1 branch of the dungeon, and saw 3 of its levels.

You collected 109 gold pieces.

Inventory:

Hand Weapons
 a - a +0 trident (weapon)
Missiles
 d - 3 throwing nets (quivered)
Armour
 b - a +0 leather armour (worn)
 c - a +0 helmet (worn)
 g - a scarf of resistance (worn)
Scrolls
 h - a scroll of fear {unknown}
 i - 3 scrolls of remove curse
 m - a scroll of magic mapping
 p - a scroll of identify {unknown}
 s - a scroll of immolation {unknown}
 t - a scroll of noise {unknown}
 u - a scroll of amnesia {unknown}
Potions
 e - a potion of resistance
 j - a potion of curing {unknown}
 k - a potion of lignification {unknown}
 o - 3 potions of might
Comestibles
 f - a bread ration
 l - 12 chunks of flesh
 n - a meat ration
 q - 3 royal jellies
 r - 3 fruits


   Skills:
 - Level 2.0 Fighting
 * Level 4.8 Polearms
 - Level 1.7 Throwing
 - Level 2.6 Dodging


You had 3 spell levels left.
You didn't know any spells.

Dungeon Overview and Level Annotations

Branches:
Dungeon (3/15)

Altars:
Ru


Innate Abilities, Weirdness & Mutations

You are partially covered in icy blue scales. (AC +2)


Message History

* * * LOW HITPOINT WARNING * * *
You are too injured to fight recklessly!
You are too injured to fight recklessly!
The gnoll barely misses you. The gnoll hits you but does no damage.
An orc comes into view. It is wielding a dagger.
You puncture the gnoll!
The gnoll is almost dead.
The gnoll barely misses you. The gnoll closely misses you.
You impale the gnoll!!
You kill the gnoll!
The gnoll hits you from afar with a spear.
* * * LOW HITPOINT WARNING * * *
You hit the orc.
The orc is heavily wounded.
The gnoll completely misses you. The orc hits you but does no damage.
You closely miss the orc.
The orc is heavily wounded.
The gnoll hits you from afar with a spear!
You die... #P._.P# . ... #^P^.P# ##. ...... #PPPPP#

#.. .....# #.#
#.###.#..# #.##
#.#...#..# ####..#
#...#.... . #.##.P#
#.g#g.# ... #.##.##
##...)##.....
#.....######....@o......
...................#....
......####).....#### ##
.###### #......## ....
........... .###
#............ ...
..............
.####.............. .#
#....##.........


You could see 2 gnolls and an orc.

Vanquished Creatures
  A gnoll (D:3)
  3 adders
  An ooze (D:1)
  A worm (D:3)
  A dart slug (D:2)
  A leopard gecko (D:1)
  2 ball pythons
  4 giant cockroaches (D:2)
  2 goblins (D:1)
  5 hobgoblins
  8 jackals
  4 kobolds (D:1)
  A quokka (D:2)
  3 bats (D:1)
  9 frilled lizards
  9 rats
55 creatures vanquished.

Notes
Turn   | Place    | Note
-------+----------+-------------------------------------------
     0 | D:1      | wolfsongas the Demonspawn Gladiator began the quest for the Orb.
     0 | D:1      | Reached XP level 1. HP: 16/16 MP: 1/1
   226 | D:1      | Reached skill level 3 in Polearms
   301 | D:1      | Gained mutation: You are partially covered in icy blue scales. (AC +2) [demonic ancestry]
   301 | D:1      | Reached XP level 2. HP: 19/22 MP: 2/2
   954 | D:1      | Reached XP level 3. HP: 21/27 MP: 3/3
  1177 | D:2      | Reached skill level 4 in Polearms
  1673 | D:2      | Reached XP level 4. HP: 31/33 MP: 4/4
  1801 | D:3      | Found a sacrificial altar of Ru.
  1851 | D:3      | Slain by a gnoll

Vault maps used:
D:1:      erik_arrival_blinker_ship
D:3:      nicolae_ru_the_path_less_chosen, lemuel_doored_altar, first_bread,
          amethyst_killhole

Skill      XL: |  1  2  3 |
---------------+----------+-----
Polearms       | 3 4 |  4.8
Fighting       | |  2.0
Throwing       | |  1.7
Dodging        | |  2.6

Action                   |  1- 3 |  4- 6 || total
-------------------------+-------+-------++-------
Melee: Trident           |   143 |    33 ||   176
  Use: Potion            |     2 |     1 ||     3
       Scroll            |     2 |       ||     2
 Stab: Sleeping          |     4 |       ||     4
  Eat: Chunk             |     3 |       ||     3
Armor: Leather armour    |    39 |    12 ||    51
Dodge: Dodged            |    71 |    26 ||    97
